 Dungeon Crawl Stone Soup version 0.28-a0-1227-ga9037bb4c8 (webtiles) character file.

Game seed: 13514087558626573315

2480 ChaosChampion the Thaumaturge (level 9, 0/45 HPs)
             Began as a Deep Elf Conjurer on Dec 22, 2021.
             Was an Initiate of Ashenzari.
             Slain by a hornet zombie (8 damage)
             ... on level 6 of the Dungeon.
             The game lasted 00:13:02 (8898 turns).

ChaosChampion the Thaumaturge (Deep Elf Conjurer)   Turns: 8898, Time: 00:13:03

Health: 0/45       AC:  2    Str:  4    XL:     9   Next: 27%
Magic:  0/25       EV: 13    Int: 25    God:    Ashenzari [......]
Gold:   174        SH:  0    Dex: 19    Spells: 9/28 levels left

rFire   . . .      SeeInvis .   j - +7 mace of Yesterday {vamp, Fly rN++ Int-3 Dex+6}
rCold   . . .      Faith    .   (no shield)
rNeg    + + .      Spirit   +   a - +0 robe
rPois   +          Reflect  .   (no helmet)
rElec   .          Harm     .   (no cloak)
rCorr   .          Rampage  .   (no gloves)
Will    .....                   (no boots)
Stlth   ++........              t - amulet of guardian spirit
HPRegen 0.15/turn               b - ring of poison resistance
MPRegen 0.19/turn               (no ring)

@: flying
A: no striking features
a: Renounce Religion


You were on level 6 of the Dungeon.
You worshipped Ashenzari.
Ashenzari was noncommittal.
You visited 2 branches of the dungeon, and saw 7 of its levels.
You also visited: Ossuary.

You collected 387 gold pieces.
You spent 213 gold pieces at shops.

Inventory:

Hand Weapons
 j - the +7 mace of Yesterday (weapon) {vamp, Fly rN++ Int-3 Dex+6}
   (You bought it in a shop on level 2 of the Dungeon)

   It occasionally heals its wielder for a portion of the damage dealt when it
   wounds a living foe.
   Int:       It affects your intelligence (-3).
   Dex:       It affects your dexterity (+6).
   rN:        It greatly protects you from negative energy.
   Fly:       It grants you flight.
Armour
 a - a +0 robe (worn)
Magical Staves
 c - a staff of cold
Jewellery
 b - a ring of poison resistance (left hand)
 t - an amulet of guardian spirit (around neck)
Scrolls
 d - a scroll of enchant armour {unknown}
 e - a scroll of blinking
 f - a scroll of fear
 g - a scroll of immolation {unknown}
 i - 2 scrolls of identify
 r - a scroll of summoning {unknown}
 s - 2 scrolls of amnesia {unknown}
 u - a scroll of acquirement {unknown}
Potions
 h - 2 potions of degeneration
 k - 3 potions of curing
 l - 4 potions of heal wounds {unknown}
 m - 2 potions of brilliance {unknown}
 n - 2 potions of invisibility {unknown}
 o - a potion of ambrosia {unknown}
 p - a potion of might {unknown}
 q - a potion of attraction {unknown}


   Skills:
 - Level 2.4 Dodging
 - Level 2.4 Stealth
 + Level 10.0 Spellcasting
 + Level 8.0 Conjurations
 + Level 5.4 Hexes
 + Level 4.6 Summonings
 - Level 3.0 Translocations
 + Level 4.1 Air Magic


You had 9 spell levels left.
You knew the following spells:

 Your Spells              Type           Power      Damage    Failure   Level
a - Magic Dart            Conj           100%       1d8       1%          1
b - Searing Ray           Conj           100%       2d8       1%          2
c - Fulminant Prism       Conj/Hex       23%        3d13      3%          4
d - Iskenderun's Mystic   Conj/Tloc      40%        2d9       4%          4
e - Airstrike             Air            16%        N/A       9%          4
f - Summon Lightning Spi  Summ/Air       34%        N/A       8%          4

Your spell library contained the following spells:

 Spells                   Type           Power      Damage    Failure   Level
 Shock                    Conj/Air       100%       1d9       1%          1
 Dazzling Flash           Conj/Hex       92%        N/A       1%          3
 Swiftness                Air            33%        N/A       2%          3
 Passwall                 Tmut/Erth      10%        N/A       8%          2
 Silence                  Hex/Air        18%        N/A       19%         5
 Agony                    Necr           12%        N/A       80%         5
 Maxwell's Capacitive Co  Air            16%        ∞         100%        8


Dungeon Overview and Level Annotations

Branches:
Dungeon (6/15)             Temple (1/1) D:5         Ossuary (visited)

Altars:
Ashenzari
Cheibriados
Dithmenos
Fedhas
Nemelex Xobeh
Qazlal
Ru
Sif Muna
Trog
Uskayaw
Vehumet
Wu Jian
Xom
The Shining One

Shops:
D:2 *   D:3 *

Annotations:
D:6 Dowan, Duvessa


Message History

The hornet zombie is almost destroyed.
You finish channelling your searing ray.
The hornet zombie completely misses you.
The hornet zombie hits you. The hornet zombie hits you.
The hornet zombie hits you. The hornet zombie closely misses you.
Found a polished spear.
The hornet zombie misses you.
The hornet zombie hits you but does no damage.
The hornet zombie misses you.
You see here the +10 spear "Hinuruor" {vorpal, Int+3}.
You closely miss the hornet zombie.
The hornet zombie is almost destroyed.
The hornet zombie hits you! The hornet zombie misses you.
You hit the hornet zombie.
The hornet zombie is almost destroyed.
The hornet zombie misses you.
You hit the hornet zombie.
The hornet zombie is almost destroyed.
The hornet zombie hits you! The hornet zombie closely misses you.
The hornet zombie hits you.
* * * LOW HITPOINT WARNING * * *
The hornet zombie completely misses you.
The hornet zombie hits you!
* * * LOW HITPOINT WARNING * * *
The hornet zombie closely misses you.
You feel better. The hornet zombie hits you!
* * * LOW HITPOINT WARNING * * *
You feel better. The hornet zombie barely misses you.
The hornet zombie misses you.
The hornet zombie hits you but does no damage.
There is a stone staircase leading down here.
The hornet zombie hits you.
* * * LOW HITPOINT WARNING * * *
The hornet zombie hits you!
* * * LOW HITPOINT WARNING * * *
You barely miss the hornet zombie.
The hornet zombie is almost destroyed.
The hornet zombie barely misses you. The hornet zombie hits you!
You die...

#.# #.# #.# #.# ############
.# #.# #..........# ..
######### #.# #.########.#
#. ........# #.#
#.########.#
#.#######<###.###..........#
#...(...)..@Z...>.#######..#
#.##)##.#########.# #..#
#.##...........# #..#
#.############## #..# #[#
##############..# #.#
#...............# #.#
#.############)## #.# #.#
#.# #.# #.##### ...


You could see a hornet zombie.

Vanquished Creatures
  Grinder (D:6)
  Sigmund (D:3)
  A water moccasin (D:5)
  An ice beast (D:6)
  A necrophage (D:5)
  2 black bears
  2 ogres
  2 phantoms
  2 scorpions (D:5)
  6 water moccasin zombies
  A centaur zombie (D:5)
  4 crimson imps (D:4)
  2 hounds (D:5)
  2 orc priests
  2 jellies (D:5)
  An iguana (D:5)
  Jessica (D:3)
  A bullfrog skeleton (D:6)
  5 orc wizards
  A hound skeleton (D:4)
  3 mummies
  Robin (D:3)
  8 adders
  8 adder zombies (Ossuary)
  2 worms
  A dart slug (D:1)
  14 orcs
  11 endoplasms
  3 giant cockroaches
  10 hobgoblins
  9 jackals
  8 kobolds
  3 quokkas
  10 ball pythons
  10 bats
  3 frilled lizards
  A gnoll zombie (Ossuary)
  15 goblins
  7 hobgoblin zombies
  4 kobold zombies
  4 orc zombies (Ossuary)
  8 rats
  A fulminant prism (D:5)
183 creatures vanquished.

Vanquished Creatures (others)
  20 fulminant prisms
  8 fungi (D:1)
  27 plants
  5 toadstools (D:1)
60 creatures vanquished.

Grand Total: 243 creatures vanquished

Notes
Turn   | Place    | Note
-------+----------+-------------------------------------------
     0 | D:1      | ChaosChampion the Deep Elf Conjurer began the quest for the
                  | Orb.
     0 | D:1      | Reached XP level 1. HP: 10/10 MP: 6/6
    17 | D:1      | Got the Handbook of Enchanting Feathers
   195 | D:1      | Reached XP level 2. HP: 15/15 MP: 5/8
   198 | D:1      | Learned a level 2 spell: Searing Ray
   337 | D:1      | Reached skill level 4 in Spellcasting
   543 | D:1      | Reached XP level 3. HP: 19/19 MP: 0/10
  1441 | D:2      | Found Wahom's Assorted Antiques.
  1455 | D:2      | Reached skill level 5 in Spellcasting
  1645 | D:2      | Reached skill level 5 in Conjurations
  1774 | D:2      | Reached XP level 4. HP: 24/24 MP: 7/13
  2366 | D:2      | Bought a polished mace for 160 gold pieces
  2366 | D:2      | Identified the +7 mace of Yesterday {vamp, Fly rN++ Int-3
                  | Dex+6} (You bought it in a shop on level 2 of the Dungeon)
  2476 | D:3      | Reached skill level 6 in Spellcasting
  2477 | D:3      | Reached XP level 5. HP: 16/28 MP: 8/15
  2482 | D:3      | Noticed a black bear
  2489 | D:3      | Killed a black bear
  2489 | D:3      | Noticed Jessica
  2490 | D:3      | Reached skill level 7 in Spellcasting
  2720 | D:3      | Killed Jessica
  2721 | D:3      | Reached XP level 6. HP: 25/32 MP: 13/18
  3236 | D:3      | Noticed Sigmund
  3244 | D:3      | Killed Sigmund
  3245 | D:3      | Reached skill level 8 in Spellcasting
  3432 | D:3      | Learned a level 4 spell: Fulminant Prism
  3437 | D:3      | Learned a level 4 spell: Iskenderun's Mystic Blast
  3442 | D:3      | Learned a level 4 spell: Airstrike
  3447 | D:3      | Learned a level 4 spell: Summon Lightning Spire
  3461 | D:3      | Reached XP level 7. HP: 30/36 MP: 12/20
  3646 | D:3      | Noticed Robin
  3652 | D:3      | Killed Robin
  3699 | D:3      | Reached skill level 1 in Hexes
  4117 | D:3      | Found Fesheom's Assorted Antiques.
  4120 | D:3      | Bought a viscous ruby potion for 17 gold pieces
  4120 | D:3      | Bought a fizzy pink potion for 17 gold pieces
  4120 | D:3      | Bought a scroll labelled ZEMEIS JAFY for 19 gold pieces
  4375 | D:4      | Reached skill level 1 in Summonings
  4475 | D:4      | Found a shimmering altar of Xom.
  4486 | D:4      | Reached skill level 1 in Translocations
  4489 | D:4      | Reached skill level 1 in Air Magic
  5112 | D:4      | Identified the +11 dagger of the Shining Light {vorpal,
                  | Int+2}
  5233 | D:5      | Entered Level 5 of the Dungeon
  5338 | D:5      | Found a sand-covered staircase.
  5342 | D:5      | HP: 1/36 [mummy (19)]
  5589 | Ossuary  | Entered an ossuary
  6039 | Ossuary  | Reached XP level 8. HP: 30/41 MP: 12/22
  6395 | D:5      | Reached skill level 9 in Spellcasting
  7373 | D:5      | Found a staircase to the Ecumenical Temple.
  8125 | Temple   | Entered the Ecumenical Temple
  8329 | Temple   | Became a worshipper of Ashenzari the Shackled
  8397 | D:6      | Noticed Grinder
  8400 | D:6      | Noticed Dowan
  8401 | D:6      | Reached XP level 9. HP: 45/45 MP: 13/24
  8403 | D:6      | Killed Grinder
  8403 | D:6      | Noticed Duvessa
  8404 | D:6      | Reached skill level 5 in Hexes
  8834 | D:6      | Reached skill level 10 in Spellcasting
  8872 | D:6      | Identified the +10 spear "Hinuruor" {vorpal, Int+3}
  8898 | D:6      | Slain by a hornet zombie

Illustrated notes

Levels and vault maps discovered:
D:1:      nicolae_arrival_washed_ashore, layout_rooms, minmay_gold_behind_fungi,
          minmay_misc_feat_x, serial_bayou_pond_b
D:2:      layout_basic, serial_shops, nicolae_shop_competitors_out_of_business
D:3:      layout_loops_ring, serial_shops, shop_statue, serial_bayou_lagoon_b,
          uniq_sigmund, uniq_robin, uniq_jessica
D:4:      layout_loops_ring, led_xom_imps
D:5:      layout_basic, minmay_temple_entry_poolview,
          nicolae_ossuary_entry_giza, st_stairs_4, mrwooster_statue_mirror
D:6:      layout_loops_ring, minmay_stone_trees_medium, chequers_garden,
          uniq_duvessa, uniq_grinder
Temple:   nicolae_temple_figure_eight

Skill      XL: |  1  2  3  4  5  6  7  8  9 |
---------------+----------------------------+-----
Spellcasting   | 4 5 6 7 8 9 10 | 10.0
Conjurations   | 5 6 7 8 |  8.0
Hexes          | 2 4 5 |  5.4
Summonings     | 2 4 |  4.6
Translocations | 2 3 |  3.0
Air Magic      | 2 3 4 |  4.1
Dodging        | |  2.4
Stealth        | |  2.4

Action                   |  1- 3 |  4- 6 |  7- 9 || total
-------------------------+-------+-------+-------++-------
Melee: Mace              |       |       |    12 ||    12
 Cast: Magic Dart        |    94 |    31 |    56 ||   181
       Searing Ray       |     2 |    17 |    72 ||    91
       Fulminant Prism   |       |       |    21 ||    21
       Iskenderun's Myst |       |       |     1 ||     1
  Use: Scroll            |       |       |     6 ||     6
       Potion            |       |       |     2 ||     2
Armor: Robe              |     2 |       |    13 ||    15
Dodge: Dodged            |     8 |     4 |    51 ||    63

Table legend: (Time is in decaauts)
 A = Elapsed time spent in this place.
 B = Non-inter-level travel time spent in this place.
 C = Inter-level travel time spent in this place.
 D = Time resting spent in this place.
 E = Time spent auto-exploring this place.
 F = Levels seen in this place.
 G = Mean time per level.
                   A        B        C        D        E       F      G
               +--------+--------+--------+--------+--------+-----+--------+
         Total |   8907 |   8737 |    170 |   1723 |   5968 |   8 | 1113.4 |
       Dungeon |   7886 |   7726 |    160 |   1408 |   5367 |   6 | 1314.3 |
        Temple |    228 |    218 |     10 |      0 |    202 |   1 |  228.0 |
       Ossuary |    792 |    792 |      0 |    315 |    399 |   1 |  792.0 |
               +--------+--------+--------+--------+--------+-----+--------+

Top non-repeatable levels by time:
     D:5: 2294 daAuts
     D:2: 1542 daAuts
     D:3: 1468 daAuts
     D:1: 1191 daAuts
     D:4: 1151 daAuts
 Ossuary: 792 daAuts
     D:6: 238 daAuts
  Temple: 228 daAuts
